 Dungeon Crawl Stone Soup version bcrawl-1.28.5 (console) character file.

Game seed: 5416704137797641170

135317 GodsVoicemail the Conjurer (level 5, 34/35 HPs)
             Began as a Demonspawn Wizard on Feb 19, 2021.
             Quit the game on level 2 of the Dungeon.
             The game lasted 00:09:53 (3230 turns).

GodsVoicemail the Conjurer (Demonspawn Wizard)      Turns: 3230, Time: 00:09:54

Health: 34/35      AC:  2    Str:  7    XL:     5   Next: 51%
Magic:  10/10      EV: 11    Int: 25    God:
Gold:   108        SH:  0    Dex: 12    Spells: 3/11 levels left

rFire    x . .     SeeInvis .   a - +0 staff
rCold    + . .     Gourm    .   (no shield)
rNeg     . . .     Faith    .   b - +0 robe
rPois    .         Spirit   +   c - +0 hat
rElec    .         Reflect  .   (no cloak)
rCorr    .         Harm     .   (no gloves)
MR       .....                  (no boots)
Stlth    ++........             (no amulet)
HPRegen  0.11/turn              d - ring of Eternal Harmony {Ice MR- Int+5}
MPRegen  0.12/turn              (no ring)

@: drained
A: spiny 1, magic shield
a: no special abilities


You were on level 2 of the Dungeon.
You were hungry.

You visited 1 branch of the dungeon, and saw 3 of its levels.

You collected 108 gold pieces.

Inventory:

Hand Weapons
 a - a +0 staff (weapon)
Armour
 b - a +0 robe (worn)
 c - a +0 hat (worn)
Jewellery
 d - the ring of Eternal Harmony (left hand) {Ice MR- Int+5}
   (You found it on level 1 of the Dungeon)

   [ring of ice]

   It enhances your ice magic.
   It affects your intelligence (+5).
   It makes you vulnerable to fire.
   It protects you from cold.
   It affects your resistance to hostile enchantments.
 g - a +7 ring of intelligence {unknown}
Scrolls
 h - a scroll of blinking {unknown}
 j - 3 scrolls of amnesia {unknown}
 o - 5 scrolls of identify
 p - a scroll of teleportation {unknown}
 t - a scroll of magic mapping {unknown}
Potions
 f - 4 potions of brilliance
 i - a potion of lignification {unknown}
 k - 2 potions of heal wounds {unknown}
 l - 3 potions of invisibility {unknown}
 m - a potion of might {unknown}
 n - 2 potions of haste {unknown}
 q - a potion of mutation {unknown}
 r - a potion of curing {unknown}
 s - a potion of berserk rage {unknown}
 u - a potion of agility {unknown}
Comestibles
 e - 10 rations {!d}


   Skills:
 - Level 1.7(1.0) Dodging
 - Level 2.0(1.2) Stealth
 + Level 3.5(2.7) Spellcasting
 * Level 4.9(4.1) Conjurations
 - Level 1.0(0.2) Summonings
 - Level 0.8(0.1) Translocations
 + Level 0.9(0.1) Poison Magic


You had 3 spell levels left.
You knew the following spells:

 Your Spells              Type           Power        Failure   Level  Hunger
a - Magic Dart            Conj           ###.         1%          1    None
b - Blink                 Tloc           N/A          16%         2    ##.....
c - Mephitic Cloud        Conj/Pois/Air  ##......     17%         3    ####...
e - Call Imp              Summ           #.....       14%         2    ##.....

Your spell library contained the following spells:

 Spells                   Type           Power        Failure   Level  Hunger
 Conjure Flame            Conj/Fire      ##......     14%         3    ####...
 Spider Form              Tmut/Pois      #..          30%         3    ####...


Dungeon Overview and Level Annotations

Branches:
Dungeon (3/12)

Altars:
Uskayaw

Annotations:
D:2 exclusions: downstairs and 4 more exclusions, Terence
D:3 exclusions: big kobold, ice beast, orc and 2 more exclusions


Innate Abilities, Weirdness & Mutations

You are partially covered in sharp spines.
When hurt, damage is shared between your health and your magic reserves.


Message History

The orc wizard is struck by your spines.
You kill the orc wizard!
i - a sapphire potion
Things that are here:
a +2 dagger of draining; a +0 robe; an orc corpse You butcher the orc corpse.
v - a chunk of flesh
Things that are here:
a +2 dagger of draining; a +0 robe; an orc skeleton Eat a chunk of flesh? (ye/n/q)
You eat the chunk of flesh.
This raw flesh tastes terrible.
You start resting.
Magic restored.
You are feeling hungry.
You start resting.
HP restored.
You feel more attuned to ice.
You feel clever.
d - the ring of Eternal Harmony (left hand) {Ice MR- Int+5} Are you sure you want to abandon this character and quit the game? (Confirm with "yes".)

.......#.# #.#........##(#
##.....#.####.#####.#####.#
##......................#.#
#.....#.####.#####.###.#.#
#.....#.# ##.#####.#...#.#
##)##.#.# #........#.###.#
#.##.#.# #..#####.#.###.#
#.##.#.# #..#####.......#
#.##.#.# #....@.....#####
#.##.#.###.##.#####.#
#.##.#.#............#
#.##.#.#.#.##.......#
#..............###..######
####.#+#<................#
#...........#..###..#.####
#...........#.......#.# #
#................#..#.#


There were no monsters in sight!

Vanquished Creatures
  A howler monkey (D:3)
  2 orc wizards
  4 adders
  An ooze (D:1)
  A worm (D:2)
  3 dart slugs
  4 leopard geckos
  2 orcs (D:3)
  3 giant cockroaches
  2 goblins (D:2)
  9 hobgoblins
  2 jackals (D:1)
  4 quokkas
  A ball python (D:3)
  4 bats
  3 kobolds
  A quokka zombie (D:3)
  8 rats
55 creatures vanquished.

Notes
Turn   | Place    | Note
-------+----------+-------------------------------------------
     0 | D:1      | GodsVoicemail the Demonspawn Wizard began the quest for the
                  | Orb.
     0 | D:1      | Reached XP level 1. HP: 13/13 MP: 4/4
   415 | D:1      | Reached skill level 2 in Conjurations
   422 | D:1      | Gained mutation: You are partially covered in sharp spines.
                  | [demonic ancestry]
   422 | D:1      | Reached XP level 2. HP: 3/19 MP: 0/6
   625 | D:1      | Learned a level 2 spell: Blink
   628 | D:1      | Learned a level 2 spell: Call Imp
   785 | D:1      | Got an ancient silver ring
  1043 | D:1      | Reached skill level 3 in Conjurations
  1097 | D:1      | Reached XP level 3. HP: 24/24 MP: 1/7
  1694 | D:2      | Found a hide-covered altar of Uskayaw.
  1694 | D:2      | Noticed a +0 dagger
  1694 | D:2      | Noticed a +0 hand axe
  1903 | D:2      | Learned a level 3 spell: Mephitic Cloud
  1988 | D:2      | Noticed Terence
  2597 | D:3      | Gained mutation: When hurt, damage is shared between your
                  | health and your magic reserves. [demonic ancestry]
  2597 | D:3      | Reached XP level 4. HP: 22/30 MP: 6/8
  2669 | D:3      | Reached skill level 4 in Conjurations
  2735 | D:3      | Noticed an ice beast
  2758 | D:3      | Noticed a big kobold
  2955 | D:3      | Reached XP level 5. HP: 35/35 MP: 4/10
  3229 | D:2      | Identified the ring of Eternal Harmony {Ice MR- Int+5} (You
                  | found it on level 1 of the Dungeon)
  3230 | D:2      | Quit the game

Skill      XL: |  1  2  3  4 |
---------------+-------------+-----
Conjurations   | 2 3 4 |  4.9
Dodging        | |  1.7
Stealth        | |  2.0
Spellcasting   | |  3.5
Summonings     | |  1.0
Translocations | |  0.8
Poison Magic   | |  0.9

Action                   |  1- 3 |  4- 6 || total
-------------------------+-------+-------++-------
Melee: Staff             |     4 |     2 ||     6
 Cast: Magic Dart        |   121 |    39 ||   160
       Mephitic Cloud    |       |     2 ||     2
  Eat: Chunk             |     7 |     3 ||    10
Armor: Robe              |     6 |     1 ||     7
Dodge: Dodged            |    31 |     6 ||    37
